 Dungeon Crawl Stone Soup version 0.25.0-9-g26727b657a (webtiles) character file.

Game seed: 1150880720166816943

807 Exodus22XD the Poker (level 7, -3/53 HPs)
             Began as a Demonspawn Gladiator on June 21, 2020.
             Was a Believer of Uskayaw.
             Killed from afar by Maggie (19 damage)
             ... with a bolt of fire
             ... on level 8 of the Dungeon.
             The game lasted 00:06:37 (4556 turns).

Exodus22XD the Poker (Demonspawn Gladiator)         Turns: 4556, Time: 00:06:38

Health: -3/53      AC:  9    Str: 17    XL:     7   Next: 60%
Magic:  0/9        EV: 12    Int:  9    God:    Uskayaw [**....]
Gold:   259        SH:  0    Dex: 20    Spells: 9/9 levels left

rFire    . . .     SeeInvis .   a - +0 trident
rCold    . . .     Gourm    .   (no shield)
rNeg     . . .     Faith    .   j - +0 scale mail
rPois    .         Spirit   +   c - +0 helmet
rElec    .         Reflect  .   (no cloak)
rCorr    +         Harm     .   (no gloves)
MR       .....                  g - +0 pair of boots
Stlth    +.........             (no amulet)
HPRegen  0.17/turn              k - +6 ring of dexterity
MPRegen  0.22/turn              C - ring of resist corrosion

@: brilliant, mesmerised
A: claws 2, rugged brown scales 1, magic shield, magic regeneration
a: Stomp, Line Pass, Renounce Religion


You were on level 8 of the Dungeon.
You worshipped Uskayaw.
Uskayaw was noncommittal.
You were not hungry.

You visited 2 branches of the dungeon, and saw 7 of its levels.

You collected 259 gold pieces.

Inventory:

Hand Weapons
 a - a +0 trident (weapon)
 w - a +0 dagger
Missiles
 d - 3 throwing nets (quivered)
Armour
 b - a +0 leather armour
 c - a +0 helmet (worn)
 g - a +0 pair of boots (worn)
 j - a +0 scale mail (worn)
 t - a +0 chain mail
Jewellery
 k - a +6 ring of dexterity (left claw)
 C - a ring of resist corrosion (right claw)
Scrolls
 e - 3 scrolls of blinking {unknown}
 i - 5 scrolls of identify {unknown}
 o - a scroll of remove curse {unknown}
 p - 3 scrolls of magic mapping {unknown}
 r - 3 scrolls of amnesia {unknown}
 s - 2 scrolls of enchant weapon {unknown}
 u - a scroll of teleportation {unknown}
 v - a scroll of fog {unknown}
 y - a scroll of enchant armour {unknown}
 B - a scroll of random uselessness {unknown}
Potions
 h - a potion of stabbing {unknown}
 l - 4 potions of lignification
 m - a potion of haste {unknown}
 n - 2 potions of brilliance
 q - a potion of ambrosia
 x - a potion of flight
 z - a potion of invisibility {unknown}
 A - a potion of resistance {unknown}
Comestibles
 f - 8 rations


   Skills:
 + Level 3.5 Fighting
 + Level 5.7 Polearms
 - Level 1.7 Throwing
 + Level 2.5 Armour
 + Level 4.0 Dodging
 + Level 1.1 Stealth
 * Level 1.8 Spellcasting
 * Level 2.1 Invocations


You had 9 spell levels left.
You didn't know any spells.
Your spell library contained the following spells:

 Spells                   Type           Power        Failure   Level  Hunger
 Recall                   Summ/Tloc      N/A          98%         3    None
 Aura of Abjuration       Summ           #.........   100%        5    None
 Summon Demon             Summ           #.........   100%        5    None
 Summon Forest            Summ/Tloc      #.........   100%        5    None
 Summon Mana Viper        Hex/Summ       #.......     100%        5    None
 Shadow Creatures         Summ           N/A          100%        6    None


Dungeon Overview and Level Annotations

Branches:
Dungeon (5/15)             Temple (1/1) D:4

Altars:
Dithmenos
Elyvilon
Fedhas
Gozag
Hepliaklqana
Kikubaaqudgha
Makhleb
Nemelex Xobeh
Qazlal
Ru
Sif Muna
Trog
Uskayaw
Vehumet
Wu Jian
Xom
Yredelemnul
Zin
The Shining One

Annotations:
D:8 Maggie


Innate Abilities, Weirdness & Mutations

You have very sharp fingernails.
You are partially covered in rugged brown scales. (AC +1, +3% HP)
When hurt, damage is shared between your health and your magic reserves.
You regenerate magic rapidly.


Message History

The orc hits you but does no damage.
You feel less wooden.
Your +0 helmet unmelds from your body.
Your +0 pair of boots unmelds from your body.
Your +0 scale mail unmelds from your body.
You feel less invigorated.
You feel less confused. The orc hits you but does no damage.
Maggie barely misses you. The phantom hits you.
Okay, then.
Attack whom?
Press: ? - help, Dir - move target cursor, f/p - Maggie
Aim: Maggie, wielding a +1 vorpal halberd and wearing +2 steam dragon scales (moderately wounded, mesmerising)
You reach to attack!
You closely miss Maggie.
Maggie is moderately wounded.
The orc hits you but does no damage. x2; The phantom hits you.
The phantom blinks!
Maggie points at you and mumbles some strange words.
The bolt of fire hits you!!
You die...

..#.###.#
....#.... .#
........# .#
........# ..## .
........# ...#..
........##......
......@.........
...#.##..o......
. # #ยง@oW.....
#...<......
.............
...............
............$.<
.........##..#.
.......... ..#
.........# .#


You could see Maggie (mesmerising), a phantom and 2 orcs.

Vanquished Creatures
  Sigmund (D:2)
  A sky beast (D:8)
  4 ogres
  A water moccasin skeleton (D:4)
  A worker ant (D:5)
  A hound skeleton (D:4)
  4 adders
  A howler monkey skeleton (D:4)
  3 oozes
  An adder skeleton (D:4)
  3 worms
  2 dart slugs
  2 leopard geckos
  3 giant cockroaches
  8 goblins
  5 hobgoblins
  4 jackals (D:2)
  7 quokkas
  11 bats
  2 frilled lizards
  8 kobolds
  A quokka skeleton (D:4)
  7 rats
81 creatures vanquished.

Notes
Turn   | Place    | Note
-------+----------+-------------------------------------------
     0 | D:1      | Exodus22XD the Demonspawn Gladiator began the quest for the
                  | Orb.
     0 | D:1      | Reached XP level 1. HP: 16/16 MP: 1/1
   117 | D:1      | Reached skill level 3 in Polearms
   117 | D:1      | Gained mutation: You are partially covered in rugged brown
                  | scales. (AC +1, +3% HP) [demonic ancestry]
   117 | D:1      | Reached XP level 2. HP: 16/22 MP: 2/2
   587 | D:2      | Gained mutation: When hurt, damage is shared between your
                  | health and your magic reserves. [demonic ancestry]
   587 | D:2      | Reached XP level 3. HP: 27/27 MP: 3/3
  1205 | D:2      | Gained mutation: You have sharp fingernails. [demonic
                  | ancestry]
  1205 | D:2      | Reached XP level 4. HP: 30/35 MP: 4/4
  1406 | D:2      | Noticed Sigmund
  1426 | D:2      | Killed Sigmund
  1426 | D:2      | Reached skill level 4 in Polearms
  1426 | D:2      | Reached skill level 1 in Armour
  1426 | D:2      | Reached XP level 5. HP: 9/40 MP: 1/5
  1859 | D:3      | Found a glowing golden altar of the Shining One.
  2317 | D:3      | Gained mutation: You regenerate magic rapidly. [demonic
                  | ancestry]
  2317 | D:3      | Reached XP level 6. HP: 47/47 MP: 6/6
  2598 | D:4      | Reached skill level 5 in Polearms
  2812 | D:4      | Found a staircase to the Ecumenical Temple.
  2856 | Temple   | Entered the Ecumenical Temple
  2873 | Temple   | Became a worshipper of Uskayaw the Reveler
  3050 | D:4      | Reached skill level 1 in Spellcasting
  3176 | D:4      | Reached * piety under Uskayaw
  3274 | D:4      | Reached ** piety under Uskayaw
  3276 | D:4      | Reached skill level 1 in Stealth
  3276 | D:4      | Gained mutation: You have very sharp fingernails. [demonic
                  | ancestry]
  3276 | D:4      | Reached XP level 7. HP: 39/53 MP: 5/8
  3425 | D:4      | Reached skill level 1 in Invocations
  4103 | D:5      | Entered Level 5 of the Dungeon
  4139 | D:5      | Reached *** piety under Uskayaw
  4501 | D:5      | You fall into a shaft and drop 3 floors!
  4501 | D:8      | Noticed Maggie
  4556 | D:8      | Killed from afar by Maggie

Illustrated notes

Levels and vault maps discovered:
D:1:      mushboom_english_gardens, layout_rooms
D:2:      layout_basic, uniq_sigmund
D:3:      layout_basic, tso_metal_star
D:4:      layout_layer_cave, minmay_temple_entry_statues_fountains
D:5:      layout_basic, first_ration
D:8:      layout_cave_pools, uniq_maggie
Temple:   compressed_dpeg_circular_temple

Skill      XL: |  1  2  3  4  5  6  7 |
---------------+----------------------+-----
Polearms       | 3 4 5 |  5.7
Dodging        | 3 4 |  4.0
Armour         | 1 2 |  2.5
Spellcasting   | 1 |  1.8
Fighting       | 3 |  3.5
Stealth        | 1 |  1.1
Invocations    | 2 |  2.1
Throwing       | |  1.7

Action                   |  1- 3 |  4- 6 |  7- 9 || total
-------------------------+-------+-------+-------++-------
Melee: Trident           |   129 |   142 |    80 ||   351
Invok: Line Pass         |       |       |     1 ||     1
  Use: Potion            |       |     2 |     3 ||     5
 Stab: Sleeping          |     4 |       |       ||     4
       Paralysed         |       |       |     3 ||     3
  Eat: Chunk             |     1 |     7 |     4 ||    12
Armor: Leather armour    |    51 |     5 |       ||    56
       Skin              |       |     4 |    90 ||    94
       Scale mail        |       |    39 |     8 ||    47
Dodge: Dodged            |   129 |    54 |    25 ||   208
